 Dungeon Crawl Stone Soup version 0.23-a0-636-g0ff6057 (webtiles) character file.

133 Gorice the Skirmisher (level 4, -2/37 HPs)
             Began as a Demonspawn Wanderer on Dec 28, 2018.
             Slain by Natasha (8 damage)
             ... on level 2 of the Dungeon.
             The game lasted 00:08:44 (1510 turns).

Gorice the Skirmisher (Demonspawn Wanderer)         Turns: 1510, Time: 00:08:45

Health: -2/37      AC:  6    Str: 14    XL:     4   Next: 94%
Magic:  4/4        EV: 10    Int: 12    God:
Gold:   78         SH:  0    Dex: 13    Spells: 2/3 levels left

rFire    . . .     SeeInvis .   b - +2 shortbow
rCold    . . .     Gourm    .   (shield currently unavailable)
rNeg     . . .     Faith    .   c - +0 ring mail
rPois    .         Spirit   .   (no helmet)
rElec    .         Reflect  .   (no cloak)
rCorr    .         Harm     .   (no gloves)
MR       .....                  r - +0 pair of boots
Stlth    +.........             (no amulet)
HPRegen  0.12/turn              (no ring)
MPRegen  0.09/turn              (no ring)

@: no status effects
A: powered by pain 1
a: no special abilities


You were on level 2 of the Dungeon.
You were not hungry.

You visited 1 branch of the dungeon, and saw 3 of its levels.

You collected 78 gold pieces.

Inventory:

Hand Weapons
 a - a +0 short sword
 b - a +2 shortbow (weapon)
Missiles
 h - 61 arrows (quivered)
 Y - 82 stones
Armour
 c - a +0 ring mail (worn)
 e - a +0 robe
 r - a +0 pair of boots (worn)
Magical Staves
 p - an uncursed staff of power
Scrolls
 m - a scroll of remove curse
Potions
 d - 2 potions of curing
 g - a potion of magic {unknown}
 i - a potion of might {unknown}
 j - a potion of mutation {unknown}
 k - a potion of brilliance {unknown}
 l - 2 potions of ambrosia {unknown}
 n - a potion of agility {unknown}
 s - a potion of heal wounds {unknown}
 u - a potion of haste {unknown}
Comestibles
 f - 3 rations
 t - 9 chunks of flesh


   Skills:
 + Level 3.9 Fighting
 + Level 3.5 Bows
 - Level 1.0 Throwing
 - Level 1.0 Armour
 - Level 1.0 Conjurations
   Level 2.1 Necromancy
   Level 1.0 Evocations


You had 2 spell levels left.
You knew the following spells:

 Your Spells              Type           Power        Failure   Level  Hunger
a - Flame Tongue          Conj/Fire      #....        50%         1    ##.....

Your spell library contained the following spells:

 Spells                   Type           Power        Failure   Level  Hunger
 Passwall                 Tmut/Erth      #.......     71%         2    ###....
 Sticks to Snakes         Tmut           #.......     71%         2    ###....
 Static Discharge         Conj/Air       #.......     86%         3    ####...


Dungeon Overview and Level Annotations

Branches:
Dungeon (3/15)

Altars:
Hepliaklqana

Annotations:
D:2 Natasha


Innate Abilities, Weirdness & Mutations

You sometimes gain a little power by taking damage.


Message History

Firing (i - inventory. (/) - cycle)
h - 68 arrows (quivered)
Press: ? - help, Shift-Dir - straight line, f/p - Natasha
Aim: Natasha (moderately wounded)
You shoot an arrow. The arrow barely misses Natasha.
Natasha wildly gestures.
Natasha shimmers violently.
Natasha stares at you and mumbles some strange words.
The magic dart hits you!
Unknown command.
Firing (i - inventory. (/) - cycle)
h - 67 arrows (quivered)
Press: ? - help, Shift-Dir - straight line, f/p - Natasha
Aim: Natasha (moderately wounded)
You shoot an arrow. The arrow barely misses Natasha.
Natasha howls an incantation.
You feel disoriented.
Unknown command.
Firing (i - inventory. (/) - cycle)
h - 66 arrows (quivered)
Press: ? - help, Shift-Dir - straight line, f/p - Natasha
Aim: Natasha (moderately wounded)
You shoot an arrow.
The arrow hits Natasha but does no damage.
Natasha is moderately wounded.
Natasha claws you!
Damage: 8 (max 8) Firing (i - inventory. (/) - cycle)
h - 65 arrows (quivered)
Press: ? - help, Shift-Dir - straight line, f/p - Natasha
Aim: Natasha (moderately wounded)
You shoot an arrow.
The arrow hits Natasha but does no damage.
Natasha is moderately wounded.
Natasha claws you but does no damage.
Firing (i - inventory. (/) - cycle)
h - 64 arrows (quivered)
Press: ? - help, Shift-Dir - straight line, f/p - Natasha
Aim: Natasha (moderately wounded)
You shoot an arrow. The arrow closely misses Natasha.
Natasha claws you.
* * * LOW HITPOINT WARNING * * *
Damage: 5 (max 8) Firing (i - inventory. (/) - cycle)
h - 63 arrows (quivered)
Press: ? - help, Shift-Dir - straight line, f/p - Natasha
Aim: Natasha (moderately wounded)
You shoot an arrow. The arrow closely misses Natasha.
Natasha claws you!
* * * LOW HITPOINT WARNING * * *
Damage: 8 (max 8) Firing (i - inventory. (/) - cycle)
h - 62 arrows (quivered)
Press: ? - help, Shift-Dir - straight line, f/p - Natasha
Aim: Natasha (moderately wounded)
You shoot an arrow. The arrow hits Natasha.
Natasha is moderately wounded.
Natasha claws you!
You die...

#.....#.#.#....<......# #.#
#.....#.#.###############.#
#.#...#....................
#.##.........####+#######.#
#.##(#####...# #.....####.#
#.#..........# #.....'.##.#
#.#...(......###.....#.##.#
####.#....(.รทรท..........#.##.#
#...........h@...[......#.##..
#.##.#######.#.####.....#.####
#<##.#######.#.# #...........
#.##.........#.######........#
#.############.#.............#
##............................#
#........#######...........####
#........# #...........>#
#........# ##.........#'###


You could see Natasha.

Vanquished Creatures
  Natasha (twice) (D:2)
  2 adders (D:2)
  2 worms (D:2)
  A dart slug (D:2)
  2 leopard geckos
  2 giant cockroaches
  9 goblins
  6 hobgoblins
  4 jackals (D:1)
  2 quokkas
  3 ball pythons
  4 bats
  6 frilled lizards
  5 kobolds (D:1)
  9 rats
59 creatures vanquished.

Notes
Turn   | Place    | Note
-------+----------+-------------------------------------------
     0 | D:1      | Gorice the Demonspawn Wanderer began the quest for the Orb.
     0 | D:1      | Gorice set off with the following items: a +2 shortbow, 22
                  | arrows, a +0 robe, a ration; and the following spell
                  | memorised: Flame Tongue; and the following spells available
                  | to memorise: Passwall, Sticks to Snakes, Static Discharge
     0 | D:1      | Reached XP level 1. HP: 16/16 MP: 1/1
    45 | D:1      | Reached skill level 2 in Bows
   122 | D:1      | Gained mutation: You sometimes gain a little power by
                  | taking damage. [demonic ancestry]
   122 | D:1      | Reached XP level 2. HP: 14/23 MP: 2/2
   430 | D:1      | Reached XP level 3. HP: 28/28 MP: 3/3
   678 | D:1      | Reached skill level 3 in Fighting
   936 | D:2      | Reached skill level 3 in Bows
  1122 | D:2      | Reached XP level 4. HP: 35/35 MP: 4/4
  1415 | D:3      | Found a hazy altar of Hepliaklqana.
  1415 | D:3      | Noticed Natasha
  1425 | D:2      | Killed Natasha
  1429 | D:2      | Noticed Natasha
  1433 | D:2      | Killed Natasha
  1501 | D:2      | Noticed Natasha
  1509 | D:2      | HP: 6/37 [Natasha (8)]
  1510 | D:2      | Slain by Natasha

Vault maps used:
D:1:      onia_arrival_larder
D:3:      grunt_temple_overflow_open, first_ration,
          chequers_ecumenical_altar_simple, gammafunk_ghost_stat_death,
          hangedman_decor_diamond_cutter, nicolae_ru_awakened_eye, uniq_ijyb,
          uniq_natasha

Skill      XL: |  1  2  3 |
---------------+----------+-----
Bows           | 2 3 |  3.5
Fighting       | 3 |  3.9
Throwing       | |  1.0
Armour         | |  1.0
Conjurations   | |  1.0
Necromancy     | |  2.1
Evocations     | |  1.0

Action                   |  1- 3 |  4- 6 || total
-------------------------+-------+-------++-------
 Fire: Shortbow          |   102 |    36 ||   138
  Use: Scroll            |       |     3 ||     3
  Eat: Chunk             |       |     2 ||     2
Armor: Robe              |     3 |       ||     3
       Ring mail         |       |     4 ||     4
Dodge: Dodged            |    14 |    10 ||    24

Table legend:
 A = Non-vault XP
 B = Vault XP
 C = Vault XP percentage of total XP
 D = Non-vault monster count
 E = Vault monster count
 F = Vault count percentage of total count
                 A         B        C        D         E       F
            +---------+---------+-------+---------+---------+-------
      Total |     148 |      43 |  22.5 |      52 |       7 |  11.9
            +---------+---------+-------+---------+---------+-------
        D:1 |      47 |       8 |  14.5 |      30 |       6 |  16.7
        D:2 |      99 |      35 |  26.1 |      21 |       1 |   4.5
        D:3 |       2 |       0 |   0.0 |       1 |       0 |   0.0
            +---------+---------+-------+---------+---------+-------

Table legend:
 A = Turns spent in this place as a percentage of turns spent in the entire game.
 B = Non-inter-level travel turns spent in this place as a percentage of non-inter-level travel turns spent in the entire game.
 C = Inter-level travel turns spent in this place as a percentage of turns spent in this place.
 D = Turns resting spent in this place as a percentage of non-inter-level travel turns spent in this place.
 E = Turns spent auto-exploring this place as a percentage of non-inter-level travel turns spent in this place.
 F = Non-inter-level travel turns spent in this place divided by the number of levels of this place that you've seen.
                   A       B       C       D       E      F
               +-------+-------+-------+-------+-------+----------------------
         Total | 100.0 | 100.0 |   0.9 |   1.1 |  47.9 | 499.0
       Dungeon | 100.0 | 100.0 |   0.9 |   1.1 |  47.9 | 499.0
               +-------+-------+-------+-------+-------+----------------------

Vault maps used:
D:1:      onia_arrival_larder
D:3:      grunt_temple_overflow_open, first_ration,
          chequers_ecumenical_altar_simple, gammafunk_ghost_stat_death,
          hangedman_decor_diamond_cutter, nicolae_ru_awakened_eye, uniq_ijyb,
          uniq_natasha
